 Dungeon Crawl Stone Soup version 0.23.1-37-gaa34b87b72 (webtiles) character file.

Game seed: 292094601853546008

1971 PentaManta the Nimble (level 9, 0/66 HPs)
             Began as a Kobold Hunter on Mar 20, 2019.
             Slain by a gnoll sergeant
             ... wielding a +0 halberd
              (7 damage)
             ... in a bailey on Mar 21, 2019.
             The game lasted 00:27:31 (7032 turns).

PentaManta the Nimble (Kobold Hunter)               Turns: 7032, Time: 00:27:32

Health: 0/66       AC:  6    Str: 13    XL:     9   Next: 43%
Magic:  9/9        EV: 20    Int: 12    God:
Gold:   596        SH:  0    Dex: 15    Spells: 8/8 levels left

rFire    . . .     SeeInvis .   b - +0 short sword
rCold    . . .     Gourm    .   (shield restricted)
rNeg     . . .     Faith    .   c - +1 leather armour
rPois    .         Spirit   .   (helmet restricted)
rElec    +         Reflect  .   (no cloak)
rCorr    .         Harm     .   A - +0 pair of gloves
MR       .....                  v - +0 pair of boots
Stlth    ++........             o - amulet of rage
HPRegen  0.21/turn              p - ring of wizardry
MPRegen  0.11/turn              (no ring)

@: berserk cooldown, slowed, very slow
A: small, antennae 1, carnivore, robust 1, electricity resistance
a: Evoke Berserk Rage


You were in a bailey.
You were not hungry.

You visited 1 branch of the dungeon, and saw 7 of its levels.
You also visited: Bailey.

You collected 681 gold pieces.
You spent 85 gold pieces at shops.

Inventory:

Hand Weapons
 a - a +2 hand crossbow
 b - a +0 short sword (weapon)
Armour
 c - a +1 leather armour (worn)
 r - a +0 plate armour
 v - a +0 pair of boots (worn)
 A - a +0 pair of gloves (worn)
Jewellery
 m - an uncursed ring of ice
 o - an amulet of rage (around neck)
 p - a ring of wizardry (left hand)
 s - an uncursed ring of fire
Wands
 e - a wand of paralysis (6)
 t - a wand of iceblast (1)
 z - a wand of flame (5)
Scrolls
 h - 6 scrolls of identify
 i - 2 scrolls of remove curse
 k - a scroll of magic mapping
Potions
 j - a potion of berserk rage
 l - 2 potions of mutation
 n - 3 potions of flight
 q - a potion of lignification
Comestibles
 f - 7 rations


   Skills:
 * Level 8.4 Fighting
 + Level 7.9 Crossbows
 * Level 9.2 Dodging
 - Level 1.3 Stealth


You had 8 spell levels left.
You didn't know any spells.
Your spell library contained the following spells:

 Spells                   Type           Power        Failure   Level  Hunger
 Magic Dart               Conj           #...         16%         1    ##.....
 Blink                    Tloc           N/A          26%         2    ###....
 Call Imp                 Summ           #.......     26%         2    ###....
 Slow                     Hex            #.......     26%         2    ###....
 Conjure Flame            Conj/Fire      #.......     43%         3    ####...
 Mephitic Cloud           Conj/Pois/Air  #.......     43%         3    ####...


Dungeon Overview and Level Annotations

Branches:
Dungeon (7/15)             Temple (0/1) D:7

Altars:
Dithmenos
Fedhas
Ru
Trog
Uskayaw
Vehumet
Wu Jian
Xom
The Shining One

Shops:
D:4 =   D:7 [


Innate Abilities, Weirdness & Mutations

You are small and have problems with some larger weapons.
You are carnivorous and can eat meat at any time.
You have a pair of small antennae on your head.
You are robust. (+10% HP)
You are resistant to electric shocks. (rElec)


Message History

The gnoll sergeant is severely wounded.
The helpless gnoll sergeant fails to defend itself.
You hit the gnoll sergeant but do no damage.
The gnoll sergeant is severely wounded.
The helpless gnoll sergeant fails to defend itself.
You hit the gnoll sergeant.
The gnoll sergeant is severely wounded.
The helpless gnoll sergeant fails to defend itself.
You hit the gnoll sergeant.
The gnoll sergeant is almost dead.
The gnoll sergeant is no longer paralysed.
The gnoll sergeant misses you.
Evoke which item? (* to show all) (? for menu, Esc to quit)
Aiming: Paralyse
Press: ? - help, Shift-Dir - straight line, f/p - gnoll sergeant
Aim: a gnoll sergeant, wielding a +0 halberd and wearing a +0 chain mail (almost dead, chance to defeat MR: 46%)
The gnoll sergeant resists with some effort.
The gnoll sergeant misses you.
The gnoll sergeant hits you with a +0 halberd!
You die...

....... ≈♣ .g... ≈♣
g.. ≈♣ ##g## ≈♣
#..g# ≈♣ #...# ##≈♣
#...# #.≈♣
.######'''######.≈♣
............))g@)≈♣
≈.............).≈≈♣
≈≈≈≈≈≈≈...≈≈≈≈≈≈≈♣♣
♣..........))..g♣♣
♣♣♣..........(♣♣♣
♣♣.......♣♣♣♣
♣♣♣♣.∩.♣♣ ♣♣)♣♣ ♣.♣


You could see 2 gnoll sergeants.

Vanquished Creatures
  Grinder (D:6)
  Menkaure (D:7)
  Duvessa (D:7)
  An ogre (D:4)
  A bullfrog (D:6)
  4 gnoll sergeants (Bailey)
  Dowan (D:7)
  A scorpion (D:6)
  A bullfrog zombie (D:5)
  8 hounds
  An orc priest (D:5)
  A bullfrog skeleton (D:4)
  5 gnoll shamans (Bailey)
  2 centaur skeletons
  An orc wizard (D:7)
  5 worker ants
  2 hound zombies (D:6)
  A worker ant zombie (D:6)
  A howler monkey zombie (D:5)
  6 adders
  13 gnolls
  An ooze (D:2)
  2 adder skeletons
  2 adder zombies
  3 worms
  2 dart slugs (D:1)
  4 leopard geckos
  12 orcs
  8 giant cockroaches
  6 goblins
  13 hobgoblins
  6 jackals
  4 quokkas
  5 bats
  8 frilled lizards
  A jackal zombie (D:5)
  9 kobolds
  A leopard gecko skeleton (D:5)
  7 rats
152 creatures vanquished.

Notes
Turn   | Place    | Note
-------+----------+-------------------------------------------
     0 | D:1      | PentaManta the Kobold Hunter began the quest for the Orb.
     0 | D:1      | Reached XP level 1. HP: 12/12 MP: 1/1
    46 | D:1      | Reached XP level 2. HP: 18/18 MP: 2/2
   240 | D:1      | Reached skill level 5 in Crossbows
   240 | D:1      | Reached skill level 3 in Dodging
   600 | D:1      | Reached XP level 3. HP: 22/22 MP: 3/3
   924 | D:3      | Reached XP level 4. HP: 24/28 MP: 4/4
  1055 | D:2      | Reached skill level 4 in Dodging
  1060 | D:2      | Reached XP level 5. HP: 27/33 MP: 5/5
  1797 | D:3      | Found a glowing golden altar of the Shining One.
  2064 | D:3      | Found a bloodstained altar of Trog.
  2127 | D:3      | Found an ornate altar of the Wu Jian Council.
  2400 | D:3      | Found a snail-covered altar of Cheibriados.
  2402 | D:3      | Found a shimmering altar of Xom.
  2402 | D:3      | Found a white marble altar of Elyvilon.
  2404 | D:3      | Found a snail-covered altar of Cheibriados.
  2404 | D:3      | Found a shimmering altar of Xom.
  2404 | D:3      | Found a shadowy altar of Dithmenos.
  2542 | D:4      | Noticed an ogre
  2546 | D:4      | Killed an ogre
  2546 | D:4      | Reached skill level 5 in Dodging
  2546 | D:4      | Reached XP level 6. HP: 39/39 MP: 6/6
  2549 | D:4      | Found a hide-covered altar of Uskayaw.
  2552 | D:4      | Noticed a +0 dagger
  2554 | D:4      | Noticed a +0 dagger
  2703 | D:4      | HP: 2/40 [poisoned by a worker ant]
  3040 | D:4      | Reached skill level 5 in Fighting
  3269 | D:4      | Reached XP level 7. HP: 44/44 MP: 7/7
  3298 | D:4      | Found Hihad's Jewellery Shoppe.
  3678 | D:5      | Entered Level 5 of the Dungeon
  3864 | D:5      | Reached skill level 6 in Dodging
  4063 | D:4      | Gained mutation: You are robust. (+10% HP) [potion of
                  | mutation]
  4063 | D:4      | Gained mutation: You are resistant to electric shocks.
                  | (rElec) [potion of mutation]
  4063 | D:4      | Gained mutation: You have a pair of small antennae on your
                  | head. [potion of mutation]
  5154 | D:6      | Reached XP level 8. HP: 52/56 MP: 8/8
  5276 | D:6      | Found a shadowy altar of Dithmenos.
  5338 | D:6      | Noticed Grinder
  5345 | D:6      | Killed Grinder
  5345 | D:6      | Reached skill level 7 in Dodging
  5430 | D:6      | Found a radiant altar of Vehumet.
  5635 | D:6      | Found a blossoming altar of Fedhas.
  5873 | D:7      | Found Bimamug's Antique Armour Shop.
  5897 | D:7      | Bought a pair of gloves for 85 gold pieces
  5968 | D:7      | Noticed Dowan
  5969 | D:7      | Noticed Duvessa
  5974 | D:7      | Killed Dowan
  5991 | D:7      | Killed Duvessa
  6099 | D:7      | Reached skill level 8 in Dodging
  6105 | D:7      | Noticed Menkaure
  6110 | D:7      | Killed Menkaure
  6110 | D:7      | Reached XP level 9. HP: 44/62 MP: 9/9
  6118 | D:7      | Found a flagged portal.
  6145 | D:7      | Found a sacrificial altar of Ru.
  6154 | Bailey   | Entered a bailey
  6744 | Bailey   | Reached skill level 9 in Dodging
  7032 | Bailey   | Slain by a gnoll sergeant

Skill      XL: |  1  2  3  4  5  6  7  8  9 |
---------------+----------------------------+-----
Crossbows      | 5 6 7 |  7.9
Dodging        | 3 4 5 6 8 9 |  9.2
Fighting       | 3 4 5 6 7 8 |  8.4
Stealth        | |  1.3

Action                   |  1- 3 |  4- 6 |  7- 9 || total
-------------------------+-------+-------+-------++-------
Melee: Short sword       |    42 |   161 |   287 ||   490
 Fire: Hand crossbow     |    49 |    54 |    96 ||   199
Throw: Throwing net      |       |       |     2 ||     2
 Abil: Evoke Berserk Rag |       |     2 |    10 ||    12
Evoke: Wand              |       |       |    21 ||    21
  Use: Potion            |       |       |     3 ||     3
       Scroll            |       |       |    14 ||    14
 Stab: Sleeping          |       |     2 |     2 ||     4
       Paralysed         |       |       |     7 ||     7
  Eat: Chunk             |     8 |    10 |    14 ||    32
Armor: Leather armour    |     6 |    36 |    32 ||    74
Dodge: Dodged            |    49 |   166 |   319 ||   534
